 Dungeon Crawl Stone Soup version 0.26.0-10-g1f06aea511 (webtiles) character file.

Game seed: 2672579612261580161

37 inc the Vexing (level 3, -4/14 HPs)
             Began as a Felid Enchanter on Feb 1, 2021.
             Slain by an orc warrior
             ... wielding a +0 short sword
              (18 damage)
             ... on level 2 of the Dungeon.
             The game lasted 00:04:57 (4372 turns).

inc the Vexing (Felid Enchanter)                    Turns: 4372, Time: 00:04:58

Health: -4/14      AC:  1    Str:  4    XL:     3   Next: 21%
Magic:  5/7        EV: 18    Int: 22    God:
Gold:   85         SH:  0    Dex: 17    Spells: 0/6 levels left
                                        Lives:  0   Deaths: 1

rFire    . . .     SeeInvis +     - Unarmed
rCold    . . .     Faith    .   (shield unavailable)
rNeg     . . .     Spirit   .   (armour unavailable)
rPois    +         Reflect  .   (helmet unavailable)
rElec    .         Harm     .   (cloak unavailable)
rCorr    .         Rampage  .   (gloves unavailable)
Will     .....                  (boots unavailable)
Stlth    +++.......             (no amulet)
HPRegen  0.04/turn              e - +6 ring of intelligence
MPRegen  0.10/turn              i - ring of poison resistance

@: very slightly contaminated, quick
A: very small, no armour, no weapons or thrown items, stealth, claws 1, fangs 3,
see invisible, speed 1, shaggy fur 1, sharp paws
a: no special abilities


You were on level 2 of the Dungeon.
You visited 1 branch of the dungeon, and saw 2 of its levels.

You collected 85 gold pieces.

Inventory:

Jewellery
 e - a +6 ring of intelligence (left paw)
 f - a +6 ring of strength
 i - a ring of poison resistance (right paw)
Scrolls
 b - 2 scrolls of identify
 c - a scroll of teleportation {unknown}
Potions
 a - 2 potions of attraction
 d - a potion of curing {unknown}
 g - a potion of lignification {unknown}
 h - a potion of ambrosia


   Skills:
 - Level 2.6 Dodging
 - Level 4.0 Stealth
 - Level 4.0 Unarmed Combat
 - Level 2.0 Spellcasting
 + Level 4.6 Hexes


You couldn't memorise any spells.
You knew the following spells:

 Your Spells              Type           Power        Failure   Level
a - Tukima's Dance        Hex            22%          6%          3
b - Ensorcelled Hibernat  Hex/Ice        24%          9%          2
g - Corona                Hex            24%          1%          1

Your spell library contained the following spells:

 Spells                   Type           Power        Failure   Level
 Confusing Touch          Hex            22%          6%          3
 Dazzling Flash           Conj/Hex       24%          16%         3


Dungeon Overview and Level Annotations

Branches:
Dungeon (2/15)

Altars:


Innate Abilities, Weirdness & Mutations

You cannot wear armour.
You are incapable of wielding weapons or throwing items.
Your paws allow you to move quietly. (Stealth)
You have sharp claws.
You have razor-sharp teeth.
You have supernaturally acute eyesight. (SInv)
You cover ground quickly.
You are covered in fur. (AC +1)
Your sharp claws are effective at attacking unaware monsters.


Message History

The orc wizard gestures at you while chanting.
The magic dart hits you!
Ouch! That really hurt!
You die...
You are now level 3!
You rejoin the land of the living...
Unknown command.
An orc warrior is nearby!
An orc warrior is nearby!
Casting: Ensorcelled Hibernation (safe; 9% risk of failure)
Confirm with . or Enter, or press ? or * to list all spells.
Aiming: Ensorcelled Hibernation (safe; 9% risk of failure)
Press: ? - help, Shift-Dir - straight line, f/p - orc warrior
Aim: an orc warrior, wielding a +0 short sword and wearing a +0 chain mail (chance to affect: 43%)
You miscast Ensorcelled Hibernation.
You are very lightly contaminated with residual magic.
Nothing appears to happen.
The orc warrior hits you with a +0 short sword!!
Ouch! That really hurt!
You die...

#......................
#....o.................
########
######)####......######
.#.#.#.#########)# #......#
.........#....##.# #......#
.#.#.#.#.#....##.####.######
......................# ##
.#(#.#.#........o###### #.
.)..............@######## ##
.#.#.#.#................# #
<.............).........# ##
)#.#.#.#......).........#
##≈
........#######.........#
#≈≈ .#.#.#.## #.........#
#≈≈ ######## #.........# #≈≈
#.........# #≈≈ #.........#
##≈


You could see an orc warrior and an orc wizard (fast).

Vanquished Creatures
  2 adders
  An ooze (D:2)
  A worm (D:2)
  A dart slug (D:1)
  A leopard gecko (D:2)
  5 orcs (D:2)
  3 giant cockroaches
  4 goblins
  8 hobgoblins
  A quokka (D:2)
  4 bats
  6 frilled lizards
  5 kobolds
  6 rats
48 creatures vanquished.

Notes
Turn   | Place    | Note
-------+----------+-------------------------------------------
     0 | D:1      | inc the Felid Enchanter began the quest for the Orb.
     0 | D:1      | Reached XP level 1. HP: 7/7 MP: 4/4
   649 | D:1      | Reached XP level 2. HP: 8/11 MP: 6/6
  1914 | D:2      | Reached XP level 3. HP: 10/14 MP: 7/7
  2380 | D:1      | Learned a level 2 spell: Ensorcelled Hibernation
  3674 | D:2      | Learned a level 3 spell: Tukima's Dance
  3698 | D:2      | Noticed an orc warrior
  3869 | D:2      | Reached XP level 4. HP: 15/18 MP: 3/8
  4351 | D:2      | Killed from afar by an orc wizard
  4352 | D:2      | Reached XP level 3. HP: -5/14 MP: 4/7
  4372 | D:2      | Slain by an orc warrior

Illustrated notes

Levels and vault maps discovered:
D:1:      amcnicky_arrival_single_pillar, layout_loops_ring
D:2:      cheibrodos_helix_gallery, layout_basic, st_stairs_10

Skill      XL: |  1  2  3  4 |
---------------+-------------+-----
Unarmed Combat | 2 3 4 |  4.0
Dodging        | |  2.6
Stealth        | |  4.0
Spellcasting   | |  2.0
Hexes          | |  4.6

Action                   |  1- 3 |  4- 6 || total
-------------------------+-------+-------++-------
Melee: Unarmed           |   127 |    11 ||   138
       Bite              |     5 |       ||     5
 Cast: Ensorcelled Hiber |    31 |    11 ||    42
  Use: Potion            |     1 |       ||     1
       Scroll            |     4 |       ||     4
 Stab: Sleeping          |    23 |     6 ||    29
       Distracted        |     1 |       ||     1
Armor: Skin              |     4 |     1 ||     5
Dodge: Dodged            |   111 |     6 ||   117
